 Dungeon Crawl Stone Soup version 0.16.2-2-g470672f (webtiles) character file.

184 monobi the Insei (level 5, -4/36 HPs)
             Began as an Octopode Monk on Sept 4, 2015.
             Slain by Menkaure (18 damage)
             ... on level 4 of the Dungeon.
             The game lasted 00:04:54 (2881 turns).

monobi the Insei (Octopode Monk)                    Turns: 2881, Time: 00:04:54

Health: -4/36      AC:  1    Str: 10    XL:     5   Next: 64%
Magic:  5/5        EV: 13    Int: 12    God:
Gold:   89         SH:  0    Dex: 16    Spells: 0 memorised, 4 levels left

rFire  . . .     SeeInvis .       - Unarmed
rCold  . . .     Clarity  .     (no shield)
rNeg   . . .     SustAb   .     (helmet restricted)
rPois  .         Gourm    .     (no amulet)
rElec  .         Spirit   .     (no ring)
rCorr  .         Warding  .     (no ring)
rMut   .         Stasis   .     (no ring)
MR     .....                    (no ring)
Stlth  +++.......               (no ring)
                                (no ring)
                                (no ring)
                                (no ring)

@: not resistant to hostile enchantments, fairly stealthy
A: almost no armour, amphibious, 8 rings, constrict 8, camouflage 1, gelatinous
body 1
a: no special abilities


You were on level 4 of the Dungeon.
You were not hungry.

You visited 1 branch of the dungeon, and saw 4 of its levels.

You collected 89 gold pieces.

Inventory:

Magical devices
 n - a wand of disintegration (12)
 p - a wand of flame (42)
 q - a wand of paralysis (8)
Scrolls
 c - a scroll of noise
 d - a scroll of identify
 l - a scroll of amnesia
 m - a scroll of enchant armour
Potions
 e - 4 potions of curing
 f - a potion of haste
 g - 2 potions of might
 i - a potion of brilliance {unknown}
 s - a potion of heal wounds {unknown}
Comestibles
 a - 4 chunks of flesh
 b - 2 bread rations
 r - a slice of pizza


   Skills:
 - Level 3.1 Fighting
 - Level 3.0 Dodging
 - Level 2.6 Stealth
 + Level 6.6 Unarmed Combat


You had 4 spell levels left.
You didn't know any spells.

Dungeon Overview and Level Annotations

Branches:
Dungeon (4/15)
 Temple: D:4-7

Altars:
Kikubaaqudgha
Nemelex Xobeh
Qazlal

Annotations:
D:4 Menkaure


Innate Abilities, Weirdness & Mutations

You cannot wear most types of armour.
You are amphibious.
You can wear up to eight rings at the same time.
You can use your tentacles to constrict many enemies at once.
Your skin changes colour to match your surroundings (Stealth).
Your rubbery body absorbs attacks (AC +1).


Message History

Menkaure, Prince of Dust comes into view.
The bat barely misses you. The bat barely misses you.
The bat barely misses you.
You tentacle-slap the bat but do no damage.
You grab the bat. You constrict the bat. The bat misses you.
The bat struggles to escape constriction.
You tentacle-slap the bat.
The bat is severely wounded.
You constrict the bat.
You kill the bat!
Menkaure mumbles some strange words.
Menkaure seems to speed up.
Shadows whirl around Menkaure...
A giant newt comes into view.
Menkaure hits you!!
Ouch! That really hurt!
Menkaure hits you!!
Ouch! That really hurt!
You die...

##########
#........####
#...........#
#...........#
#...........#
##....)......#######
#..............[...
#.###............#
#.###..<@..>.....#
#........MK......#
####......r......#
#....###.r....#
###### #......#
#......# #......#
....^..†..#
...l......#


You could see Menkaure, a quokka, a kobold and a rat.

Vanquished Creatures
  A vampire bat (D:2)
  Ijyb (D:2)
  Jessica (D:2)
  3 adders (D:2)
  3 oozes
  2 orcs
  2 bat skeletons (D:2)
  4 bat zombies (D:2)
  2 giant cockroaches
  8 goblins
  3 hobgoblins
  2 quokkas
  A ball python (D:3)
  4 bats
  3 giant geckos
  2 giant newts
  11 kobolds
  24 rats
77 creatures vanquished.

Notes
Turn   | Place    | Note
--------------------------------------------------------------
     0 | D:1      | monobi, the Octopode Monk, began the quest for the Orb.
     0 | D:1      | Reached XP level 1. HP: 16/16 MP: 1/1
   217 | D:1      | Reached XP level 2. HP: 21/21 MP: 2/2
   578 | D:2      | Noticed Ijyb
   586 | D:2      | Killed Ijyb
   586 | D:2      | Reached skill level 5 in Unarmed Combat
   586 | D:2      | Reached XP level 3. HP: 19/26 MP: 3/3
  1112 | D:2      | Reached XP level 4. HP: 17/31 MP: 4/4
  1311 | D:2      | Noticed Jessica
  1326 | D:2      | Killed Jessica
  1807 | D:2      | Reached skill level 6 in Unarmed Combat
  1891 | D:2      | Reached XP level 5. HP: 33/36 MP: 5/5
  1893 | D:2      | Found an ancient bone altar of Kikubaaqudgha.
  1893 | D:2      | Noticed a vampire bat
  1903 | D:2      | Killed a vampire bat
  2314 | D:3      | Found a sparkling altar of Nemelex Xobeh.
  2373 | D:3      | Found a stormy altar of Qazlal.
  2869 | D:4      | Noticed Menkaure
  2881 | D:4      | Slain by Menkaure

Action                   |  1- 3 |  4- 6 || total
-------------------------+-------+-------++-------
Melee: Unarmed           |    91 |    75 ||   166
  Use: Scroll            |     1 |    12 ||    13
 Stab: Sleeping          |     9 |     7 ||    16
  Eat: Beef jerky        |       |     2 ||     2
       Bread ration      |       |     1 ||     1
       Chunk             |       |     1 ||     1
